 Dungeon Crawl Stone Soup version 0.28-a0-773-g130ae17fe5 (webtiles) character file.

Game seed: 2299067158725448030

799 jasper the Chopper (level 7, -9/55 HPs)
             Began as a Demonspawn Cinder Acolyte on Nov 2, 2021.
             Was a Follower of Ignis.
             Mangled by an ogre (25 damage)
             ... on level 5 of the Dungeon.
             The game lasted 00:05:02 (4587 turns).

jasper the Chopper (Demonspawn Cinder Acolyte)      Turns: 4587, Time: 00:05:03

Health: -9/55      AC: 10    Str: 16    XL:     7   Next: 59%
Magic:  8/8        EV:  6    Int: 15    God:    Ignis [*.....]
Gold:   210        SH:  4    Dex:  9    Spells: 8/8 levels left

rFire   + . .      SeeInvis .   g - +1 war axe
rCold   . . .      Faith    .   e - +0 buckler
rNeg    . . .      Spirit   .   n - +0 chain mail
rPois   .          Reflect  .   (no helmet)
rElec   .          Harm     .   (no cloak)
rCorr   .          Rampage  .   k - +0 pair of gloves
Will    .....                   (no boots)
Stlth   ..........              (no amulet)
HPRegen 0.18/turn               (no ring)
MPRegen 0.11/turn               (no ring)

@: no status effects
A: spiny 2, demonic touch 1
a: Renounce Religion, Sea of Fire, Foxfire Swarm


You were on level 5 of the Dungeon.
You worshipped Ignis.
Ignis was aware of your devotion.
You visited 1 branch of the dungeon, and saw 5 of its levels.

You collected 210 gold pieces.

Inventory:

Hand Weapons
 a - a -1 hand axe of flaming
 g - a +1 war axe (weapon)
Missiles
 d - 81 stones (quivered)
Armour
 b - a +0 robe
 e - a +0 buckler (worn)
 j - a +0 ring mail
 k - a +0 pair of gloves (worn)
 n - a +0 chain mail (worn)
Jewellery
 l - a ring of wizardry
Wands
 h - a wand of iceblast (12)
Potions
 c - a potion of flight
 f - a potion of heal wounds
 i - a potion of lignification {unknown}
 p - a potion of curing {unknown}


   Skills:
 + Level 4.8 Fighting
 * Level 5.4 Axes
 + Level 3.1 Armour
 - Level 1.2 Dodging
 + Level 3.2 Shields
 - Level 1.0 Spellcasting
 - Level 2.6 Fire Magic


You had 8 spell levels left.
You didn't know any spells.
Your spell library contained the following spells:

 Spells                   Type           Power      Damage    Failure   Level
 Scorch                   Fire           16%        2d6       93%         2
 Ignite Poison            Fire/Tmut/Pois 3%         N/A       100%        3
 Mephitic Cloud           Conj/Pois/Air  0%         N/A       100%        3
 Freezing Cloud           Conj/Ice/Air   0%         6-21      100%        5


Dungeon Overview and Level Annotations

Branches:
Dungeon (5/15)
 Temple: D:4-7

Altars:
Elyvilon
Gozag
Uskayaw


Innate Abilities, Weirdness & Mutations

You are mostly covered in sharp spines.
Your touch may inflict minor irresistible damage on your foes.


Message History

The scorpion is lightly wounded.
The foxfire hits the phantom but does no damage.
The phantom is moderately damaged.
The foxfire hits the phantom.
The phantom is moderately damaged.
The foxfire hits the scorpion.
The scorpion is moderately wounded.
The foxfire hits the scorpion.
The scorpion is heavily wounded.
The foxfire hits the scorpion.
The scorpion is severely wounded.
The foxfire hits the scorpion.
The scorpion is almost dead.
The foxfire hits the scorpion.
The scorpion is almost dead.
The orc warrior barely misses you.
The orc priest mumbles some strange prayers to Beogh against you.
Beogh smites you!
You take 11 damage, and have 28/55 hp.
You closely miss the orc.
The orc is moderately wounded.
You barely miss the phantom. You slash the scorpion!
You kill the scorpion!
The foxfire hits the orc.
The orc is almost dead.
The foxfire hits the orc.
You kill the orc!
You block the orc warrior's attack.
The phantom hits you but does no damage.
Flames leap up around you!
You can no longer rocket upward and away.
The foxfire hits the orc wizard but does no damage.
An orc comes into view. It is wielding a +0 flail.
The orc warrior hits you from afar with a +0 glaive!
* * * LOW HITPOINT WARNING * * *
The phantom barely misses you.
The foxfire hits the iguana.
The iguana is lightly wounded.
The ogre is struck by your spines.
The ogre hits you with a +0 giant club!!
You die...

.. ≈ P .≈ . o.≈♣.
s..#### ≈≈ ....##
≈≈ol##olv##
P...o5vvOv##
#.##..oo@vv# #.##W#vv#
#§##v#vv##
.........######## .
..##.#..........###...
#.#................
......#######.###...
....#### ###.# . ####
#...#


You could see an orc warrior, a phantom (ally target), an ogre (ally target), 2
iguanas, an orc priest, 2 orc wizards, a white imp (ally target) and an orc.

Vanquished Creatures
  A water moccasin (D:5)
  An ice beast (D:3)
  An ogre (D:5)
  A centaur (D:5)
  A scorpion (D:5)
  A water moccasin zombie (D:5)
  A howler monkey (D:4)
  2 orc priests
  Jessica (D:2)
  An iguana (D:4)
  An orc wizard (D:3)
  A hound skeleton (D:4)
  3 gnolls (D:2)
  An adder (D:3)
  An adder skeleton (D:4)
  3 worms (D:3)
  A dart slug (D:1)
  15 orcs
  12 endoplasms
  4 goblins
  6 hobgoblins
  9 kobolds
  4 quokkas
  6 ball pythons
  A frilled lizard (D:1)
  3 rats
82 creatures vanquished.

Vanquished Creatures (others)
  67 foxfires
  46 plants (D:5)
113 creatures vanquished.

Grand Total: 195 creatures vanquished

Notes
Turn   | Place    | Note
-------+----------+-------------------------------------------
     0 | D:1      | jasper the Demonspawn Cinder Acolyte began the quest for
                  | the Orb.
     0 | D:1      | Reached XP level 1. HP: 18/18 MP: 2/2
   241 | D:1      | Gained mutation: You are partially covered in sharp spines.
                  | [demonic ancestry]
   241 | D:1      | Reached XP level 2. HP: 15/24 MP: 3/3
   755 | D:1      | Found a faded altar of an unknown god.
  1396 | D:2      | Reached skill level 1 in Dodging
  1396 | D:2      | Reached XP level 3. HP: 29/29 MP: 4/4
  1397 | D:2      | Reached skill level 3 in Axes
  1397 | D:2      | Reached skill level 1 in Armour
  1398 | D:2      | Reached skill level 1 in Shields
  1592 | D:2      | Noticed Jessica
  1595 | D:2      | Killed Jessica
  1596 | D:2      | Reached XP level 4. HP: 35/35 MP: 5/5
  1968 | D:3      | Reached XP level 5. HP: 36/42 MP: 6/6
  2139 | D:3      | Noticed an ice beast
  2143 | D:3      | Killed an ice beast
  2144 | D:3      | Reached skill level 4 in Axes
  2576 | D:3      | Gained mutation: Your touch may inflict minor irresistible
                  | damage on your foes. [demonic ancestry]
  2576 | D:3      | Reached XP level 6. HP: 24/43 MP: 7/7
  3406 | D:4      | Found a hide-covered altar of Uskayaw.
  3609 | D:4      | Found an opulent altar of Gozag.
  4182 | D:5      | Entered Level 5 of the Dungeon
  4348 | D:5      | Noticed a water moccasin
  4351 | D:5      | Killed a water moccasin
  4352 | D:5      | Gained mutation: You are mostly covered in sharp spines.
                  | [demonic ancestry]
  4352 | D:5      | Reached XP level 7. HP: 48/55 MP: 8/8
  4406 | D:5      | Reached skill level 5 in Axes
  4587 | D:5      | Mangled by an ogre

Illustrated notes

Levels and vault maps discovered:
D:1:      minmay_arrival_loop, layout_loops_cross,
          shapermc_ecumenical_altar_venn, serial_park_tiny_1, minivault_27,
          minmay_ruptured
D:2:      layout_loops_cross, uniq_jessica
D:3:      layout_loops_ring, nicolae_elyvilon_peaceful_grove
D:4:      layout_basic, nicolae_gozag_cash_rules_everything_around_me,
          nicolae_uskayaw_suspiria
D:5:      layout_loops_ring, grunt_dithmenos_smoke, serial_bayou,
          serial_bayou_lagoon_b, serial_bayou_pond_b, serial_bayou_lagoon_a,
          serial_bayou_pond_d

Skill      XL: |  1  2  3  4  5  6  7 |
---------------+----------------------+-----
Dodging        | 1 |  1.2
Axes           | 3 4 5 |  5.4
Armour         | 1 2 3 |  3.1
Shields        | 1 2 3 |  3.2
Fighting       | 4 |  4.8
Spellcasting   | |  1.0
Fire Magic     | |  2.6

Action                   |  1- 3 |  4- 6 |  7- 9 || total
-------------------------+-------+-------+-------++-------
Melee: Hand axe          |    20 |       |       ||    20
       War axe           |    27 |   102 |     3 ||   132
Throw: Stone             |    13 |     1 |       ||    14
Invok: Foxfire Swarm     |       |     2 |     7 ||     9
Evoke: Wand              |     5 |     7 |       ||    12
  Use: Scroll            |     2 |     2 |       ||     4
 Stab: Sleeping          |       |     1 |       ||     1
Armor: Robe              |     8 |     1 |       ||     9
       Ring mail         |       |    19 |       ||    19
       Chain mail        |       |    24 |     1 ||    25
Dodge: Dodged            |    11 |    46 |     4 ||    61
Block: Buckler           |     4 |    13 |     2 ||    19

Table legend: (Time is in decaauts)
 A = Elapsed time spent in this place.
 B = Non-inter-level travel time spent in this place.
 C = Inter-level travel time spent in this place.
 D = Time resting spent in this place.
 E = Time spent auto-exploring this place.
 F = Levels seen in this place.
 G = Mean time per level.
                   A        B        C        D        E       F      G
               +--------+--------+--------+--------+--------+-----+--------+
         Total |   4644 |   4500 |    144 |    429 |   3451 |   5 |  928.8 |
       Dungeon |   4644 |   4500 |    144 |    429 |   3451 |   5 |  928.8 |
               +--------+--------+--------+--------+--------+-----+--------+

Top non-repeatable levels by time:
     D:4: 1325 daAuts
     D:3: 1054 daAuts
     D:1: 947 daAuts
     D:2: 902 daAuts
     D:5: 414 daAuts
